| TOP OF THE 1ST |
|
Charlotte Knights batting - Pitching for Florida Marlins : LHP Butch Henry
|
|
Pitching: LHP Butch Henry
|
|
|
Batting: SHB Orlando Merced
|
0-0: Called Strike 0-1: Foul Ball, location: 2F 0-2: Strikes out swinging
|
|
Batting: LHB Jason Giambi
|
0-0: Called Strike 0-1: Swinging Strike 0-2: Strikes out swinging
|
|
Batting: RHB Shane Mack
|
0-0: Fly out, F6 (Flyball, 6MD, EV 91.3 MPH)
|
| Top of the 1st over - 0 runs, 0 hits, 0 errors, 0 left on base; Charlotte 0 - Florida 0 |
| BOTTOM OF THE 1ST |
|
Florida Marlins batting - Pitching for Charlotte Knights : RHP Scott Bankhead
|
|
Pitching: RHP Scott Bankhead
|
|
|
Batting: LHB Craig Counsell
|
0-0: Ball 1-0: SINGLE (Groundball, 4MD, EV 93.8 MPH)
|
|
Batting: SHB Luis Castillo
|
0-0: Ball 1-0: Ball Craig Counsell steals 2nd base 2-0: Ground out U3 (Groundball, 3, EV 111.3 MPH) Craig Counsell to third
|
|
Batting: RHB Richie Sexson
|
0-0: Ball 1-0: Ball 2-0: Foul Ball, location: 2F 2-1: Ball 3-1: Base on Balls
|
|
Batting: RHB Juan Encarnacion
|
0-0: Ball 1-0: Reached via error on a dropped throw from 2B, E6 (Groundball, 34, EV 91.9 MPH) Craig Counsell scores Richie Sexson to second
|
|
Batting: RHB Rondell White
|
0-0: Ball 1-0: Foul Ball, location: 2F 1-1: Ball 2-1: Fly out, F6 (Popup, 6D, EV 43.8 MPH)
|
|
Batting: SHB Bobby Bonilla
|
0-0: Called Strike 0-1: Ball 1-1: Foul Ball, location: 2F 1-2: Strikes out swinging
|
| Bottom of the 1st over - 1 run, 1 hit, 1 error, 2 left on base; Charlotte 0 - Florida 1 |
| TOP OF THE 2ND |
|
Charlotte Knights batting - Pitching for Florida Marlins : LHP Butch Henry
|
|
Batting: RHB Nomar Garciaparra
|
0-0: Foul Ball, location: 2F 0-1: Called Strike 0-2: Ball 1-2: Strikes out looking
|
|
Batting: SHB David Segui
|
0-0: Called Strike 0-1: Fly out, F7 (Line Drive, 7, EV 88.8 MPH)
|
|
Batting: SHB Carl Everett
|
0-0: Ball 1-0: Ground out 5-3 (Groundball, 56, EV 100.6 MPH)
|
| Top of the 2nd over - 0 runs, 0 hits, 0 errors, 0 left on base; Charlotte 0 - Florida 1 |
| BOTTOM OF THE 2ND |
|
Florida Marlins batting - Pitching for Charlotte Knights : RHP Scott Bankhead
|
|
Batting: RHB Edgardo Alfonzo
|
0-0: Ball 1-0: Ball 2-0: Called Strike 2-1: TRIPLE (Flyball, 9D, EV 97.5 MPH)
|
|
Batting: RHB Tony Barron
|
0-0: Called Strike 0-1: Called Strike 0-2: Ball 1-2: Foul Ball, location: 2F 1-2: Strikes out swinging
|
|
Batting: RHB Keith Osik
|
0-0: Foul Ball, location: 2F 0-1: Ball 1-1: Ball 2-1: Foul Ball, location: 2F 2-2: Fly out, F7 (Flyball, 7LS, EV 84.4 MPH)
|
|
Batting: LHB Craig Counsell
|
0-0: Ball 1-0: Ball 2-0: Called Strike 2-1: Ball 3-1: Foul Ball, location: 2F 3-2: Base on Balls
|
|
Batting: SHB Luis Castillo
|
0-0: Called Strike 0-1: Ball 1-1: Foul Ball, location: 2F 1-2: Ball 2-2: Ball 3-2: Fly out, F7 (Flyball, 7, EV 92.5 MPH)
|
| Bottom of the 2nd over - 0 runs, 1 hit, 0 errors, 2 left on base; Charlotte 0 - Florida 1 |
| TOP OF THE 3RD |
|
Charlotte Knights batting - Pitching for Florida Marlins : LHP Butch Henry
|
|
Batting: RHB Chuck Knoblauch
|
0-0: Ground out 6-3 (Groundball, 6, EV 84.4 MPH)
|
|
Batting: RHB Tony Batista
|
0-0: Called Strike 0-1: Called Strike 0-2: Ball 1-2: Ball 2-2: Foul Ball, location: 2F 2-2: SINGLE (Flyball, 89M, EV 96.3 MPH)
|
|
Batting: RHB Lenny Webster
|
0-0: Ball 1-0: Fly out, F4 (Popup, 34, EV 76.9 MPH)
|
|
Batting: SHB Orlando Merced
|
0-0: Ball 1-0: Called Strike 1-1: Called Strike 1-2: Ground out 5-3 (Groundball, 56S, EV 72.5 MPH)
|
| Top of the 3rd over - 0 runs, 1 hit, 0 errors, 1 left on base; Charlotte 0 - Florida 1 |
| BOTTOM OF THE 3RD |
|
Florida Marlins batting - Pitching for Charlotte Knights : RHP Scott Bankhead
|
|
Batting: RHB Richie Sexson
|
0-0: Ground out 6-3 (Groundball, 6, EV 86.3 MPH)
|
|
Batting: RHB Juan Encarnacion
|
0-0: Fly out, F6 (Popup, 6MS, EV 69.4 MPH)
|
|
Batting: RHB Rondell White
|
0-0: Fly out, F8 (Line Drive, 8RM, EV 102.5 MPH)
|
| Bottom of the 3rd over - 0 runs, 0 hits, 0 errors, 0 left on base; Charlotte 0 - Florida 1 |
| TOP OF THE 4TH |
|
Charlotte Knights batting - Pitching for Florida Marlins : LHP Butch Henry
|
|
Batting: LHB Jason Giambi
|
0-0: Ball 1-0: SINGLE (Flyball, 7LS, EV 100.6 MPH)
|
|
Batting: RHB Shane Mack
|
0-0: Bunt missed! 0-1: Sac Bunt to 13 - play at first, batter OUT! 1-4 Jason Giambi to second
|
|
Batting: RHB Nomar Garciaparra
|
0-0: Fly out, F8 (Line Drive, 8RM, EV 88.1 MPH)
|
|
Batting: SHB David Segui
|
0-0: Ball 1-0: Called Strike 1-1: Foul Ball, location: 2F 1-2: Ball 2-2: Ball 3-2: Fly out, F3 (Popup, 3, EV 76.3 MPH)
|
| Top of the 4th over - 0 runs, 1 hit, 0 errors, 1 left on base; Charlotte 0 - Florida 1 |
| BOTTOM OF THE 4TH |
|
Florida Marlins batting - Pitching for Charlotte Knights : RHP Scott Bankhead
|
|
Batting: SHB Bobby Bonilla
|
0-0: Reached via error on a dropped throw from SS, E3 (Groundball, 6M, EV 83.8 MPH)
|
|
Batting: RHB Edgardo Alfonzo
|
0-0: Bunted foul 0-1: DOUBLE (Flyball, 78XD, EV 115.0 MPH) Bobby Bonilla to third Bobby Bonilla scores
|
|
Batting: RHB Tony Barron
|
0-0: Ball 1-0: Ground out 6-3 (Groundball, 6D, EV 98.8 MPH)
|
|
Batting: RHB Keith Osik
|
0-0: Swinging Strike 0-1: Ball 1-1: Ball 2-1: Foul Ball, location: 2F 2-2: Fly out, F9 (Line Drive, 9, EV 95.0 MPH)
|
|
Batting: LHB Craig Counsell
|
0-0: Called Strike 0-1: Ball 1-1: Ball 2-1: Swinging Strike 2-2: Foul Ball, location: 2F 2-2: Ball 3-2: Foul Ball, location: 2F 3-2: Ground out 4-3 (Groundball, 4, EV 88.1 MPH)
|
| Bottom of the 4th over - 1 run, 1 hit, 1 error, 1 left on base; Charlotte 0 - Florida 2 |
| TOP OF THE 5TH |
|
Charlotte Knights batting - Pitching for Florida Marlins : LHP Butch Henry
|
|
Batting: SHB Carl Everett
|
0-0: Ball 1-0: Foul Ball, location: 2F 1-1: SOLO HOME RUN (Line Drive, 8RXD, EV 103.8 MPH), Distance : 425 ft
|
|
Batting: RHB Chuck Knoblauch
|
0-0: Foul Ball, location: 2F 0-1: Swinging Strike 0-2: Foul Ball, location: 2F 0-2: Ball 1-2: Ball 2-2: Foul Ball, location: 2F 2-2: Ball 3-2: Foul Ball, location: 2F 3-2: Foul Ball, location: 2F 3-2: SINGLE (Flyball, 89S, EV 91.3 MPH)
|
|
Batting: RHB Tony Batista
|
0-0: Ball 1-0: Swinging Strike 1-1: 2-RUN HOME RUN (Flyball, 7LD, EV 88.8 MPH), Distance : 352 ft
|
|
Batting: RHB Lenny Webster
|
0-0: DOUBLE (Line Drive, 9LD, EV 111.3 MPH)
|
|
Batting: SHB Orlando Merced
|
0-0: Ball 1-0: Ground out 6-3 (Groundball, 6, EV 88.1 MPH)
|
|
Batting: LHB Jason Giambi
|
0-0: Called Strike 0-1: Ball 1-1: Swinging Strike 1-2: Ball 2-2: Ball 3-2: Foul Ball, location: 2F 3-2: Fly out, F5 (Popup, 25F, EV 91.9 MPH)
|
|
Batting: RHB Shane Mack
|
0-0: Swinging Strike 0-1: Foul Ball, location: 2F 0-2: Strikes out looking
|
| Top of the 5th over - 3 runs, 4 hits, 0 errors, 1 left on base; Charlotte 3 - Florida 2 |
| BOTTOM OF THE 5TH |
|
Florida Marlins batting - Pitching for Charlotte Knights : RHP Scott Bankhead
|
|
Batting: SHB Luis Castillo
|
0-0: Ball 1-0: Called Strike 1-1: Ball 2-1: Ground out 4-3 (Groundball, 4, EV 103.8 MPH)
|
|
Batting: RHB Richie Sexson
|
0-0: Swinging Strike 0-1: Foul Ball, location: 2F 0-2: Foul Ball, location: 2F 0-2: Strikes out looking
|
|
Batting: RHB Juan Encarnacion
|
0-0: Foul Ball, location: 2F 0-1: Ball 1-1: Fly out, F8 (Line Drive, 8RM, EV 105.0 MPH)
|
| Bottom of the 5th over - 0 runs, 0 hits, 0 errors, 0 left on base; Charlotte 3 - Florida 2 |
| TOP OF THE 6TH |
|
Charlotte Knights batting - Pitching for Florida Marlins : LHP Butch Henry
|
|
Batting: RHB Nomar Garciaparra
|
0-0: Ball 1-0: Ball 2-0: Ball 3-0: Fly out, F3 (Popup, 34S, EV 75.6 MPH)
|
|
Batting: SHB David Segui
|
0-0: Fly out, F5 (Line Drive, 5, EV 69.4 MPH)
|
|
Batting: SHB Carl Everett
|
0-0: Ball 1-0: Ball 2-0: Bunt missed! 2-1: Called Strike 2-2: Foul Ball, location: 2F 2-2: Ball 3-2: SINGLE (Groundball, 5L, EV 101.3 MPH)
|
|
Batting: RHB Chuck Knoblauch
|
0-0: Ball 1-0: Foul Ball, location: 2F 1-1: Ball 2-1: Ball 3-1: Foul Ball, location: 2F 3-2: Ground out 5-3 (Groundball, 56S, EV 68.1 MPH)
|
| Top of the 6th over - 0 runs, 1 hit, 0 errors, 1 left on base; Charlotte 3 - Florida 2 |
| BOTTOM OF THE 6TH |
|
Florida Marlins batting - Pitching for Charlotte Knights : RHP Scott Bankhead
|
|
Batting: RHB Rondell White
|
0-0: Foul Ball, location: 2F 0-1: Fly out, F9 (Flyball, 9D, EV 87.5 MPH)
|
|
Batting: SHB Bobby Bonilla
|
0-0: Ball 1-0: Called Strike 1-1: Ball 2-1: SINGLE (Groundball, 34D, EV 95.6 MPH)
|
|
Batting: RHB Edgardo Alfonzo
|
0-0: Called Strike 0-1: Foul Ball, location: 2F 0-2: Strikes out swinging
|
|
Batting: RHB Tony Barron
|
0-0: Called Strike 0-1: Called Strike 0-2: Ball 1-2: Strikes out swinging
|
| Bottom of the 6th over - 0 runs, 1 hit, 0 errors, 1 left on base; Charlotte 3 - Florida 2 |
| TOP OF THE 7TH |
|
Charlotte Knights batting - Pitching for Florida Marlins : LHP Butch Henry
|
|
Batting: RHB Tony Batista
|
0-0: Ball 1-0: Ball 2-0: Called Strike 2-1: Ball 3-1: Ground out 6-3 (Groundball, 6, EV 83.8 MPH)
|
|
Batting: RHB Lenny Webster
|
0-0: Ground out 3-1 (Groundball, 34S, EV 77.5 MPH)
|
|
Batting: SHB Orlando Merced
|
0-0: Ball 1-0: Ball 2-0: Foul Ball, location: 2F 2-1: Foul Ball, location: 2F 2-2: Ground out 5-3 (Groundball, 56S, EV 78.8 MPH)
|
| Top of the 7th over - 0 runs, 0 hits, 0 errors, 0 left on base; Charlotte 3 - Florida 2 |
| BOTTOM OF THE 7TH |
|
Florida Marlins batting - Pitching for Charlotte Knights : RHP Scott Bankhead
|
|
Batting: RHB Keith Osik
|
0-0: Ball 1-0: Ground out U3 (Groundball, 3L, EV 85.6 MPH)
|
|
Batting: LHB Craig Counsell
|
0-0: Ball 1-0: Swinging Strike 1-1: Ball 2-1: Called Strike 2-2: Fly out, F8 (Flyball, 8RS, EV 87.5 MPH)
|
|
Batting: SHB Luis Castillo
|
0-0: Ball 1-0: Ground out 1-3 (Groundball, 15S, EV 69.4 MPH)
|
| Bottom of the 7th over - 0 runs, 0 hits, 0 errors, 0 left on base; Charlotte 3 - Florida 2 |
| TOP OF THE 8TH |
|
Charlotte Knights batting - Pitching for Florida Marlins : LHP Butch Henry
|
|
Batting: LHB Jason Giambi
|
0-0: Called Strike 0-1: Foul Ball, location: 2F 0-2: Ball 1-2: Strikes out swinging
|
|
Batting: RHB Shane Mack
|
0-0: Ball 1-0: Called Strike 1-1: Ground out 6-3 (Groundball, 6D, EV 89.4 MPH)
|
|
Batting: RHB Nomar Garciaparra
|
0-0: Foul Ball, location: 2F 0-1: Ball 1-1: Fly out, F7 (Flyball, 7, EV 88.8 MPH)
|
| Top of the 8th over - 0 runs, 0 hits, 0 errors, 0 left on base; Charlotte 3 - Florida 2 |
| BOTTOM OF THE 8TH |
|
Florida Marlins batting - Pitching for Charlotte Knights : RHP Scott Bankhead
|
|
Pitching: RHP Todd Worrell
|
|
|
Now in CF: Ruben Rivera
|
|
|
Batting: RHB Richie Sexson
|
0-0: Ball 1-0: Ball 2-0: Ball 3-0: Base on Balls
|
|
Batting: RHB Juan Encarnacion
|
0-0: Ball 1-0: Ball 2-0: Foul Ball, location: 2F 2-1: Grounds into double play, 6-4-3 (Groundball, 6, EV 98.1 MPH)
|
|
Batting: RHB Rondell White
|
0-0: Called Strike 0-1: Ball 1-1: Fly out, F9 (Flyball, 89S, EV 87.5 MPH)
|
| Bottom of the 8th over - 0 runs, 0 hits, 0 errors, 0 left on base; Charlotte 3 - Florida 2 |
| TOP OF THE 9TH |
|
Charlotte Knights batting - Pitching for Florida Marlins : LHP Butch Henry
|
|
Batting: SHB David Segui
|
0-0: Ball 1-0: Called Strike 1-1: Swinging Strike 1-2: Strikes out looking
|
|
Batting: SHB Carl Everett
|
0-0: Foul Ball, location: 2F 0-1: Called Strike 0-2: Ground out 5-3 (Groundball, 56S, EV 92.5 MPH)
|
|
Batting: RHB Chuck Knoblauch
|
0-0: Foul Ball, location: 2F 0-1: Foul Ball, location: 2F 0-2: Foul Ball, location: 2F 0-2: Ball 1-2: Foul Ball, location: 2F 1-2: Ball 2-2: Ball 3-2: Foul Ball, location: 2F 3-2: Base on Balls
|
|
Batting: RHB Tony Batista
|
0-0: Ball 1-0: Called Strike 1-1: Ball 2-1: 2-RUN HOME RUN (Flyball, 7D, EV 111.3 MPH), Distance : 388 ft
|
|
Batting: RHB Lenny Webster
|
0-0: Called Strike 0-1: Ball 1-1: Ball 2-1: Fly out, F7 (Line Drive, 7D, EV 83.8 MPH)
|
| Top of the 9th over - 2 runs, 1 hit, 0 errors, 0 left on base; Charlotte 5 - Florida 2 |
| BOTTOM OF THE 9TH |
|
Florida Marlins batting - Pitching for Charlotte Knights : RHP Todd Worrell
|
|
Batting: SHB Bobby Bonilla
|
0-0: Ball 1-0: Ball 2-0: Called Strike 2-1: Foul Ball, location: 2F 2-2: Ball 3-2: Base on Balls
|
|
Batting: RHB Edgardo Alfonzo
|
0-0: Grounds into double play, 2-4-3 (Groundball, 15S, EV 61.3 MPH)
|
|
Batting: RHB Tony Barron
|
0-0: Swinging Strike 0-1: SINGLE (Line Drive, 89M, EV 103.1 MPH)
|
|
Batting: RHB Keith Osik
|
0-0: Called Strike 0-1: SINGLE (Groundball, 56D, EV 106.3 MPH) Tony Barron to second
|
|
Batting: LHB Craig Counsell
|
0-0: Ball 1-0: Swinging Strike 1-1: Foul Ball, location: 2F 1-2: Ball 2-2: Ball 3-2: Foul Ball, location: 2F 3-2: Fly out, F9 (Flyball, 9D, EV 88.1 MPH)
|
| Bottom of the 9th over - 0 runs, 2 hits, 0 errors, 2 left on base; Charlotte 5 - Florida 2 |
|